 Dungeon Crawl Stone Soup version 0.31-a0-182-gc5ef74bbde (webtiles) character file.

Game seed: 5328918612924875577

67 qw the Shield-Bearer (level 4, 0/28 HPs)
             Began as a Gargoyle Fighter on June 20, 2023.
             Slain by a hound (3 damage)
             ... on level 3 of the Dungeon.
             The game lasted 00:00:58 (1593 turns).

qw the Shield-Bearer (Gargoyle Fighter)             Turns: 1593, Time: 00:00:58

Health: 0/28       AC: 11    Str: 22    XL:     4   Next: 16%
Magic:  4/4        EV:  6    Int:  8    God:
Gold:   20         SH: 11    Dex:  9    Spells: 3/3 levels left

rFire   . . .        Y - +0 war axe
rCold   . . .        f - +0 tower shield
rNeg    + . .        b - +0 scale mail
rPois   inf          k - +0 helmet
rElec   +            (no cloak)
rCorr   .            (no gloves)
SInv    .            (no boots)
Will    .....        (no amulet) Stlth
                     (no ring)
HPRegen 0.24/turn    (no ring)
MPRegen 0.09/turn

%: no passive effects
@: about to teleport
A: sickness immunity, AC +3, negative energy resistance 1, electricity
resistance, torment resistance 1, petrification resistance
a: no special abilities


You were on level 3 of the Dungeon.
You visited 1 branch of the dungeon, and saw 3 of its levels.

You collected 78 gold pieces.
You spent 58 gold pieces at shops.


Innate Abilities, Weirdness & Mutations

You are immune to sickness and miasma.
Your stone body is resilient. (AC +3)
You are immune to poison.
You resist negative energy. (rN+)
You are resistant to electric shocks. (rElec)
You are resistant to unholy torment.
You are immune to petrification.


   Skills:
 - Level 3.2 Fighting
 - Level 3.6 Axes
 - Level 3.2 Armour
 + Level 3.7 Shields


You had 3 spell levels left.
You didn't know any spells.
Your spell library was empty.

Inventory:

Hand Weapons
 h - a +0 whip
 Y - a +0 war axe (weapon)
Armour
 b - a +0 scale mail (worn)
 f - a +0 tower shield (worn)
 k - a +0 helmet (worn)
Jewellery
 a - a ring of ice
 g - a ring of protection from cold
Scrolls
 j - a scroll of fog {unknown}
 m - 2 scrolls of summoning {unknown}
 n - a scroll of identify
Potions
 c - a potion of mutation {unknown}
 d - 2 potions of might
 e - a potion of brilliance {unknown}
 l - a potion of resistance {unknown}

Dungeon Overview and Level Annotations

Branches:
Dungeon (3/15)

Altars:
Kikubaaqudgha

Shops:
D:1 *

Annotations:
D:3 Ijyb


Message History

The hound barks!
The gnoll shouts!
The hound barks!
Enter note:
Enter note:
Enter note:
Enter note:
Enter note:
Enter note: You block the hound's attack.
The hound bites you. You block the gnoll's attack.
The hound bites you but does no damage. x2
There is an open door here.
Enter note:
Enter note:
Enter note:
Enter note:
Enter note:
Enter note: You completely miss the hound.
You hit the hound. You hit the bush but do no damage. x2
You block the hound's attack. The hound bites you but does no damage.
You block the gnoll's attack. The hound bites you. x2
The gnoll hits you from afar with a +0 halberd.
You barely miss the hound.
The hound is lightly wounded.
You hit the bush but do no damage. x2; You hit the hound.
The hound bites you but does no damage. The hound barely misses you.
You block the gnoll's attack. You block the hound's attack.
The hound bites you. The hound bites you but does no damage.
The gnoll hits you from afar with a +0 halberd.
The hound bites you but does no damage.
You miss the hound.
The hound is lightly wounded.
You hit the hound but do no damage. You hit the bush but do no damage. x2
The hound bites you but does no damage. x2
The gnoll hits you from afar with a +0 halberd!
You block the hound's attack. x2
1593 ||| READING scroll of teleportation.
As you read the scroll of teleportation, it crumbles to dust.
You feel strangely unstable. The hound bites you but does no damage.
The hound bites you.
You die...

+....... #.#
#....... #.#
##....>. #.#
##..... #.##
##...#
#..#### ##+#
#.....# #.#
#+#+#P.##.###
#.#
#..h@.......#
##.##
#.gh#P.##.#.#
##....
#...#.....#.#
#..###
#####..####.#
##.# ####
#.#####.#
#.....%.#
#######.###
#.... ##...


You could see 2 hounds and a gnoll.

Vanquished Creatures
  2 adders (D:2)
  A worm (D:3)
  A dart slug (D:2)
  An orc (D:3)
  4 bats (D:2)
  5 endoplasms
  A giant cockroach (D:2)
  4 goblins
  2 hobgoblins
  3 jackals (D:1)
  2 quokkas
  4 ball pythons
  4 frilled lizards
  2 kobolds
  5 rats
41 creatures vanquished.

Notes
Turn   | Place    | Note
-------+----------+-------------------------------------------
     0 | D:1      | qw the Gargoyle Fighter began the quest for the Orb.
     0 | D:1      | Reached XP level 1. HP: 14/14 MP: 1/1
     0 | D:1      | 0 ||| qw: Version: 0.3-a-9-g12657ce
     0 | D:1      | 0 ||| qw: Game counter: 1293
     0 | D:1      | 0 ||| qw: Always use a shield: true
     0 | D:1      | 0 ||| qw: God list: Okawaru
     0 | D:1      | 0 ||| qw: Allow faded altars: false
     0 | D:1      | 0 ||| qw: Do Orc after D:15 true
     0 | D:1      | 0 ||| qw: Do second Lair branch before Depths: true
     0 | D:1      | 0 ||| qw: Lair rune preference: random
     0 | D:1      | 0 ||| qw: Plans: Normal, Zot:1-4, Slime:5, God:TSO, Crypt,
                  | Tomb, Abyss, Pan, Hells, Win
     0 | D:1      | 0 ||| PLANNING D:1-11
    97 | D:1      | Reached XP level 2. HP: 18/19 MP: 2/2
   281 | D:1      | Found Filaal's General Store.
   285 | D:1      | 285 ||| SHOPLISTING +0 cloak of poison resistance (110
                  | gold, have 67).
   285 | D:1      | 285 ||| BUYING +0 helmet (58 gold).
   285 | D:1      | Bought a +0 helmet for 58 gold pieces
   285 | D:1      | 285 ||| SHOPLISTING potion of curing (39 gold, have 9).
   285 | D:1      | 285 ||| SHOPLISTING potion of haste (130 gold, have 9).
   418 | D:1      | 418 ||| UPGRADING to +0 helmet.
   423 | D:1      | 423 ||| READING scroll labelled WADILEGHAFRA.
   424 | D:1      | 424 ||| READING scroll labelled QAAF NIDWO.
   425 | D:1      | 425 ||| READING scroll labelled NUOLAL SIGEIWKYE.
   426 | D:1      | 426 ||| READING 2 scrolls labelled ZUONGI TIHOPS.
   430 | D:1      | 430 ||| READING scroll labelled KADA NUENT.
   489 | D:2      | Reached skill level 3 in Axes
   532 | D:2      | Reached XP level 3. HP: 21/23 MP: 3/3
   727 | D:2      | Found an ancient bone altar of Kikubaaqudgha.
   754 | D:2      | Found a faded altar of an unknown god.
  1045 | D:2      | 1045 ||| UPGRADING to +0 tower shield.
  1055 | D:2      | 1055 ||| DROPPING +0 buckler.
  1056 | D:2      | 1056 ||| READING scroll labelled RABRAU ATAUBAM.
  1057 | D:2      | 1057 ||| READING scroll labelled HOUL PANIB.
  1088 | D:3      | 1088 ||| Stepping ~*~*~tactically~*~*~ (stealth).
  1293 | D:3      | Reached XP level 4. HP: 28/28 MP: 4/4
  1299 | D:3      | Noticed Ijyb
  1315 | D:3      | HP: 3/28 [Ijyb/puff of flame (5)]
  1316 | D:3      | 1316 ||| READING 2 scrolls of teleportation.
  1592 | D:3      | HP: 2/28 [gnoll/+0 halberd (10)]
  1593 | D:3      | 1593 ||| READING scroll of teleportation.
  1593 | D:3      | Slain by a hound

Levels and vault maps discovered:
D:1:      scummos_arrival_gate, layout_rooms, serial_shops,
          nicolae_shop_back_alley_shop, minivault_14
D:2:      layout_basic, dreamdust_ecumenical_altar_angels_and_demons,
          basic_altar
D:3:      layout_loops_corners, gammafunk_temple_overflow_pools,
          cheibrodos_gnoll_hut, uniq_ijyb

Skill      XL: |  1  2 |
---------------+-------+-----
Axes           | 2 3 |  3.6
Fighting       | |  3.2
Armour         | |  3.2
Shields        | |  3.7

Action                     |  1- 3 |  4- 6 || total
---------------------------+-------+-------++-------
  Melee: War axe           |   116 |    32 ||   148
    Use: Scroll            |     7 |     2 ||     9
 Armour: Scale mail        |    59 |    19 ||    78
  Dodge: Dodged            |    58 |     6 ||    64
  Block: Buckler           |    11 |       ||    11
         Tower shield      |     7 |    19 ||    26

Table legend:
 A = Non-vault XP
 B = Vault XP
 C = Vault XP percentage of total XP
 D = Non-vault monster count
 E = Vault monster count
 F = Vault count percentage of total count
                 A         B        C        D         E       F
            +---------+---------+-------+---------+---------+-------
      Total |      96 |       0 |   0.0 |      41 |       0 |   0.0
            +---------+---------+-------+---------+---------+-------
        D:1 |      18 |       0 |   0.0 |      12 |       0 |   0.0
        D:2 |      53 |       0 |   0.0 |      17 |       0 |   0.0
        D:3 |      25 |       0 |   0.0 |      12 |       0 |   0.0
            +---------+---------+-------+---------+---------+-------
